 Dungeon Crawl Stone Soup version 0.30.0-5-g1a98f26d00 (webtiles) character file.

Game seed: 4602709088711604471

269 LaggoTC the Sneak (level 6, -1/40 (42) HPs)
             Began as an Octopode Warper on May 10, 2023.
             Slain by a wight
             ... wielding a +0 battleaxe
              (2 damage)
             ... on level 6 of the Dungeon.
             The game lasted 00:18:23 (3550 turns).

LaggoTC the Sneak (Octopode Warper)                 Turns: 3550, Time: 00:18:24

HP:   -1/40 (42)    AC:  1    Str: 12    XL:     6   Next: 22%
MP:   5/9           EV: 14    Int: 15    God:
Gold: 200           SH:  0    Dex: 18    Spells: 4/9 levels left

rFire   . . .        y - +4 dire flail
rCold   . . .        (shield currently unavailable)
rNeg    . . .        (helmet restricted)
rPois   .            (no amulet)
rElec   .            f - ring of resist corrosion
rCorr   +            s - +6 ring of dexterity
SInv    .            (no ring)
Will    .....        (no ring)
Stlth   ++++         (no ring)
HPRegen 0.26/turn    (no ring)
MPRegen 0.11/turn    (no ring)
                     (no ring)

%: no passive effects
@: studying Unarmed Combat, lightly drained
A: almost no armour, amphibious, 8 rings, camouflage 1, gelatinous body 1,
(nimble swimmer 1), tentacles
a: no special abilities


You were on level 6 of the Dungeon.
You visited 1 branch of the dungeon, and saw 6 of its levels.

You collected 200 gold pieces.

Inventory:

Hand Weapons
 a - a +0 falchion
 y - a +4 dire flail (weapon)
Missiles
 c - 7 boomerangs of dispersal (quivered)
 w - 6 boomerangs
Armour
 q - the scarf of Xedonkoz {rC+ rF+, Drain Fly rCorr Int+4}
   (You found it on level 2 of the Dungeon)

   Int:       It affects your intelligence (+4).
   Fly:       It grants you flight.
   rCorr:     It protects you from acid and corrosion.
   Drain:     It drains your maximum health when unequipped.
Jewellery
 f - a ring of resist corrosion (left tentacle)
 s - a +6 ring of dexterity (right tentacle)
Scrolls
 b - a scroll of blinking
 d - 5 scrolls of identify {unknown}
 g - a scroll of teleportation {unknown}
 h - a scroll of butterflies {unknown}
 i - 3 scrolls of magic mapping {unknown}
 k - a scroll of enchant weapon {unknown}
 l - 3 scrolls of amnesia {unknown}
 n - a scroll of enchant armour {unknown}
 p - 2 scrolls of poison {unknown}
 u - a scroll of fog {unknown}
 v - a scroll of acquirement {unknown}
Potions
 e - 2 potions of might {unknown}
 j - a potion of haste {unknown}
 m - 3 potions of mutation {unknown}
 o - 4 potions of heal wounds {unknown}
 r - a potion of lignification {unknown}
 t - 2 potions of cancellation {unknown}
 x - 2 potions of brilliance {unknown}


   Skills:
 - Level 3.2 Fighting
 - Level 0.9(2.1) Short Blades
 - Level 3.0(3.1) Long Blades
 * Level 0.1 Maces & Flails
 - Level 1.0 Throwing
 - Level 3.0 Dodging
 - Level 5.3 Stealth
 - Level 2.0 Spellcasting
 * Level 3.4 Translocations


You had 4 spell levels left.
You knew the following spells:

 Your Spells              Type           Power      Damage    Failure   Level
a - Blink                 Tloc           22%        N/A       9%          2
b - Teleport Other        Tloc           11%        N/A       16%         3

Your spell library contained the following spells:

 Spells                   Type           Power      Damage    Failure   Level
 Lesser Beckoning         Tloc           22%        N/A       9%          2
 Vhi's Electric Charge    Tloc/Air       12%        N/A       32%         3
 Manifold Assault         Tloc           11%        N/A       47%         4


Dungeon Overview and Level Annotations

Branches:
Dungeon (6/15)
 Temple: D:4-7

Altars:

Annotations:
D:4 Grinder
D:5 1 runed translucent door, Crazy Yiuf


Innate Abilities, Weirdness & Mutations

You cannot wear most types of armour.
You are amphibious.
You can wear up to eight rings at the same time.
Your skin changes colour to match your surroundings (Stealth+).
Your rubbery body absorbs attacks. (AC +1, EV +1)
((You are camouflaged when in or above water. (Stealth+)))
You have tentacles for arms and can constrict up to eight enemies at once.


Message History

You squeeze the white imp.
The white imp is lightly wounded.
The white imp misses you.
You hit the white imp. Your grab misses the white imp.
The white imp is heavily wounded.
The white imp hits you. The white imp freezes you.
You barely miss the white imp. You grab the white imp.
You squeeze the white imp.
You kill the white imp!
You start resting.
HP restored.
A wight comes into view. It is wielding a +0 trident.
A wight comes into view. It is wielding a +0 battleaxe.
The wight hits you from afar with a +0 trident!
You feel drained.
A wight comes into view. It is wielding a +0 flail.
The wight hits you with a +0 trident!
You barely miss the wight. You grab the wight. You squeeze the wight!
The wight is heavily damaged.
You constrict the wight, but do no damage.
The wight barely misses you. The wight hits you with a +0 trident!
* * * LOW HITPOINT WARNING * * *
You release your grip on the wight.
The wight closely misses you.
Casting: Blink (safe; 9% risk of failure)
Confirm with . or Enter, or press ? or * to list all spells.
Aiming: Teleport Other (dangerous; 16% risk of failure)
Press: ? - help, Shift-Dir - straight line, f - wight
Aim: a wight, wielding a +0 trident and wearing a +0 robe (heavily damaged, chance to affect: 50%)
The wight resists with some effort.
The wight closely misses you.
The wight hits you from afar with a +0 trident!
* * * LOW HITPOINT WARNING * * *
Casting: Teleport Other (dangerous; 16% risk of failure)
Confirm with . or Enter, or press ? or * to list all spells.
You blink.
You feel stable enough to blink again. The wight closely misses you.
The wight attacks as you move away! The wight hits you with a +0 battleaxe!
* * * LOW HITPOINT WARNING * * *
You feel drained.
You die...

#.# #.# #.#
################.#
.<...............#
################.#
# #.# # #.# #
###### #@# ..
.....########z#
### #..........# #
#.......zz.# #
##+##..........#
###..............#
........###+######
........#
###.....#


You could see 3 wights.

Vanquished Creatures
  A wight (D:5)
  An orc priest (D:3)
  A hound (D:5)
  Natasha (twice) (D:4)
  5 adders
  A white imp (D:6)
  2 worms (D:2)
  A dart slug (D:2)
  2 orcs (D:3)
  7 ball pythons
  6 endoplasms
  2 giant cockroaches
  4 goblins
  3 hobgoblins
  2 quokkas
  2 bats (D:1)
  3 frilled lizards
  6 kobolds
  2 rats
53 creatures vanquished.

Notes
Turn   | Place    | Note
-------+----------+-------------------------------------------
     0 | D:1      | LaggoTC the Octopode Warper began the quest for the Orb.
     0 | D:1      | Reached XP level 1. HP: 14/14 MP: 3/3
    87 | D:1      | Reached XP level 2. HP: 3/19 MP: 5/5
   211 | D:1      | Reached skill level 1 in Stealth
   568 | D:2      | Reached XP level 3. HP: 24/24 MP: 6/6
   635 | D:2      | Learned a level 2 spell: Blink
   639 | D:2      | Learned a level 3 spell: Teleport Other
   772 | D:2      | Reached skill level 2 in Stealth
   887 | D:2      | Identified the scarf of Xedonkoz {rC+ rF+, Drain Fly rCorr
                  | Int+4}
  1745 | D:3      | Reached XP level 4. HP: 25/30 MP: 7/7
  1858 | D:3      | Reached skill level 3 in Stealth
  2571 | D:4      | Noticed Grinder
  2601 | D:4      | Noticed Natasha
  2613 | D:4      | Killed Natasha
  2614 | D:4      | Reached skill level 4 in Stealth
  2614 | D:4      | Reached XP level 5. HP: 21/36 MP: 8/8
  2730 | D:4      | Noticed Natasha
  2799 | D:4      | Killed Natasha
  2865 | D:5      | Entered Level 5 of the Dungeon
  3363 | D:5      | Reached skill level 5 in Stealth
  3363 | D:5      | Reached XP level 6. HP: 42/42 MP: 9/9
  3403 | D:5      | Found a runed translucent door.
  3404 | D:5      | Noticed Crazy Yiuf
  3473 | D:6      | Noticed a sky beast
  3550 | D:6      | HP: 1/41 [wight/+0 battleaxe (7)]
  3550 | D:6      | Slain by a wight

Illustrated notes

Levels and vault maps discovered:
D:1:      spicycebolla_arrival_xxxplode, layout_loops_ring,
          serial_bayou_crossing
D:2:      layout_loops_cross
D:3:      cheibrodos_pilgrimage, layout_basic, mainiacjoe_overflow_alcove_1,
          chequers_ecumenical_altar_twisty, serial_curves, eino_curves_02,
          eino_curves_02
D:4:      layout_loops_cross, lightli_temple_of_fire, minitemple,
          nicolae_eternal_life, uniq_natasha, uniq_grinder
D:5:      lemuel_ice_spiral_2, layout_basic, uniq_crazy_yiuf_cottage
D:6:      layout_basic, mainiacjoe_overflow_alcove_2

Skill      XL: |  1  2  3  4  5 |
---------------+----------------+-----
Stealth        | 1 2 4 5 |  5.3
Dodging        | 3 |  3.0
Long Blades    | 3 |  3.0
Fighting       | 3 |  3.2
Short Blades   | |  0.9
Maces & Flails | |  0.1
Throwing       | |  1.0
Spellcasting   | |  2.0
Translocations | |  3.4

Action                     |  1- 3 |  4- 6 || total
---------------------------+-------+-------++-------
  Melee: Falchion          |    74 |    34 ||   108
         Constrict         |    17 |    12 ||    29
         Tentacles         |    10 |    13 ||    23
         Punch             |     1 |       ||     1
         Dire flail        |       |     4 ||     4
   Cast: Blink             |     2 |     6 ||     8
         Teleport Other    |       |     1 ||     1
   Stab: Sleeping          |    12 |     6 ||    18
 Armour: Skin              |     7 |       ||     7
  Dodge: Dodged            |    25 |    26 ||    51
